 Dungeon Crawl Stone Soup version 0.27-a0-29-g2d0a2396b0 (webtiles) character file.

Game seed: 9813984324978136001

230 pkoi the Insei (level 5, -3/45 HPs)
             Began as a Draconian Monk on Jan 4, 2021.
             Slain by a phantom (5 damage)
             ... on level 4 of the Dungeon.
             The game lasted 00:02:59 (3787 turns).

pkoi the Insei (Draconian Monk)                     Turns: 3787, Time: 00:02:59

Health: -3/45      AC:  5    Str: 14    XL:     5   Next: 72%
Magic:  5/5        EV:  9    Int: 10    God:
Gold:   140        SH:  0    Dex: 14    Spells: 4/4 levels left

rFire    + . .     SeeInvis .     - Unarmed
rCold    . . .     Faith    +   (no shield)
rNeg     . . .     Spirit   .   (armour unavailable)
rPois    .         Reflect  .   (helmet restricted)
rElec    .         Harm     .   (no cloak)
rCorr    .         Rampage  .   (no gloves)
Will     .....                  (no boots)
Stlth    ++........             i - amulet of faith
HPRegen  0.15/turn              b - ring of protection from fire
MPRegen  0.09/turn              h - -4 ring of evasion (curse)

@: lethally poisoned (-3 -> -6)
A: unfitting armour, cold-blooded, AC +5
a: no special abilities


You were on level 4 of the Dungeon.
You visited 1 branch of the dungeon, and saw 4 of its levels.

You collected 140 gold pieces.

Inventory:

Missiles
 g - 14 poisoned darts (quivered)
Jewellery
 b - a ring of protection from fire (left hand)
 h - a cursed -4 ring of evasion (right hand)
 i - an amulet of faith (around neck)
Wands
 e - a wand of flame (12)
Scrolls
 a - a scroll of amnesia
 d - 3 scrolls of teleportation
 f - a scroll of remove curse
 j - a scroll of enchant armour


   Skills:
 - Level 3.2 Fighting
 - Level 2.6 Dodging
 - Level 1.7 Stealth
 + Level 6.5 Unarmed Combat


You had 4 spell levels left.
You didn't know any spells.
Your spell library was empty.

Dungeon Overview and Level Annotations

Branches:
Dungeon (4/15)
 Temple: D:4-7

Altars:
Dithmenos

Annotations:
D:3 1 runed translucent door, Crazy Yiuf


Innate Abilities, Weirdness & Mutations

Your plain brown scales are hard. (AC +5)
You cannot fit into any form of body armour.
You are cold-blooded and may be slowed by cold attacks.


Message History

* * * LOW HITPOINT WARNING * * *
You feel sick.
* * * LOW HITPOINT WARNING * * *
You feel sick.
* * * LOW HITPOINT WARNING * * *
You feel sick.
* * * LOW HITPOINT WARNING * * *
You feel sick.
* * * LOW HITPOINT WARNING * * *
You feel sick.
* * * LOW HITPOINT WARNING * * *
You feel sick.
* * * LOW HITPOINT WARNING * * *
You feel sick.
There is a stone staircase leading up here.
You aren't carrying any potions.
Okay, then.
Unknown command.
The phantom hits you.
You die...

. #.#.#.#.#.###.#...#
⌠.###.⌠.# #.⌠†#..####
#.#.#.#.###.#.#......## .
####.###.#.####...#...##
.. #.♣.###.⌠.##.........#
..#.##.#.###.##.>.....#..#
......#.....#.........#...
#....................###
#.####.@W...#....##.## #.
#.....###...#### .
#......# ##..# .
#........###.[.#
....#.....##...###.##
....###.......(.......
.... ............#... ...
............## .
..........#


You could see a phantom.

Vanquished Creatures
  An orc priest (D:3)
  An orc wizard (D:3)
  Jessica (D:3)
  6 adders
  2 worms (D:3)
  4 dart slugs
  3 leopard geckos
  3 orcs (D:3)
  A ball python (D:4)
  9 bats
  4 giant cockroaches
  5 goblins
  6 hobgoblins
  3 jackals
  A quokka (D:2)
  4 frilled lizards
  12 kobolds
  9 rats
75 creatures vanquished.

Notes
Turn   | Place    | Note
-------+----------+-------------------------------------------
     0 | D:1      | pkoi the Draconian Monk began the quest for the Orb.
     0 | D:1      | Reached XP level 1. HP: 19/19 MP: 1/1
   198 | D:1      | Reached XP level 2. HP: 22/26 MP: 2/2
   878 | D:1      | Reached skill level 4 in Unarmed Combat
  1215 | D:1      | Reached XP level 3. HP: 31/31 MP: 3/3
  1701 | D:2      | Reached XP level 4. HP: 28/38 MP: 4/4
  1850 | D:1      | Reached skill level 5 in Unarmed Combat
  2650 | D:3      | Noticed Jessica
  2802 | D:3      | Killed Jessica
  2952 | D:3      | Reached XP level 5. HP: 45/45 MP: 5/5
  3163 | D:3      | Reached skill level 6 in Unarmed Combat
  3517 | D:3      | Found a shadowy altar of Dithmenos.
  3662 | D:3      | Found a runed translucent door.
  3663 | D:3      | Noticed Crazy Yiuf
  3763 | D:4      | Noticed a phantom
  3783 | D:4      | HP: 2/45 [poisoned by a worker ant]
  3787 | D:4      | Slain by a phantom

Illustrated notes

Levels and vault maps discovered:
D:1:      wander_arrival_estate, layout_loops_ring, serial_rivers,
          chequers_serial_rivers_small_b, chequers_serial_rivers_micro_b,
          chequers_serial_rivers_small_b, chequers_serial_rivers_micro_d,
          chequers_serial_rivers_micro_c
D:2:      minmay_chambers_of_ones, layout_rooms, minivault_26
D:3:      layout_rooms, lemuel_crystal_altar, uniq_crazy_yiuf_cottage,
          uniq_jessica
D:4:      layout_cave_pools, hangedman_abyss_or_decor_stabs,
          minmay_crystal_water, grunt_decor_mini_mirrors

Skill      XL: |  1  2  3  4  5 |
---------------+----------------+-----
Unarmed Combat | 4 5 6 |  6.5
Fighting       | |  3.2
Dodging        | |  2.6
Stealth        | |  1.7

Action                   |  1- 3 |  4- 6 || total
-------------------------+-------+-------++-------
Melee: Unarmed           |   150 |   153 ||   303
       Tailslap          |    11 |    16 ||    27
       Punch             |     3 |     5 ||     8
  Use: Potion            |     2 |     3 ||     5
       Scroll            |       |     6 ||     6
 Stab: Sleeping          |     1 |     5 ||     6
       Distracted        |       |     1 ||     1
Armor: Skin              |    46 |    44 ||    90
Dodge: Dodged            |   128 |   120 ||   248

Table legend: (Time is in decaauts)
 A = Elapsed time spent in this place.
 B = Non-inter-level travel time spent in this place.
 C = Inter-level travel time spent in this place.
 D = Time resting spent in this place.
 E = Time spent auto-exploring this place.
 F = Levels seen in this place.
 G = Mean time per level.
                   A        B        C        D        E       F      G
               +--------+--------+--------+--------+--------+-----+--------+
         Total |   3775 |   3686 |     89 |   1369 |   1705 |   4 |  943.8 |
       Dungeon |   3775 |   3686 |     89 |   1369 |   1705 |   4 |  943.8 |
               +--------+--------+--------+--------+--------+-----+--------+

Top non-repeatable levels by time:
     D:1: 1969 daAuts
     D:3: 944 daAuts
     D:2: 790 daAuts
     D:4: 71 daAuts
